%YAML 1.1
%TAG !u! tag:unity3d.com,2011:
--- !u!64 &1920539036521955414
MeshCollider:
  m_ObjectHideFlags: 0
  m_CorrespondingSourceObject: {fileID: 0}
  m_PrefabInstance: {fileID: 0}
  m_PrefabAsset: {fileID: 0}
  m_GameObject: {fileID: 1880694303898131857}
  m_Material: {fileID: 0}
  m_IsTrigger: 0
  m_Enabled: 1
  serializedVersion: 4
  m_Convex: 1
  m_CookingOptions: 30
  m_Mesh: {fileID: 2424427696500969380, guid: 61da64e89795d4abebabd6c20b334bba, type: 3}
--- !u!1 &4183745207442265237
GameObject:
  m_ObjectHideFlags: 0
  m_CorrespondingSourceObject: {fileID: 0}
  m_PrefabInstance: {fileID: 0}
  m_PrefabAsset: {fileID: 0}
  serializedVersion: 6
  m_Component:
  - component: {fileID: 4183745207442265234}
  - component: {fileID: 4183745207442265233}
  - component: {fileID: 4183745207442265232}
  - component: {fileID: 4183745207442265230}
  m_Layer: 0
  m_Name: ColliderCallEnd
  m_TagString: FinishedCall
  m_Icon: {fileID: 0}
  m_NavMeshLayer: 0
  m_StaticEditorFlags: 0
  m_IsActive: 1
--- !u!4 &4183745207442265234
Transform:
  m_ObjectHideFlags: 0
  m_CorrespondingSourceObject: {fileID: 0}
  m_PrefabInstance: {fileID: 0}
  m_PrefabAsset: {fileID: 0}
  m_GameObject: {fileID: 4183745207442265237}
  m_LocalRotation: {x: 0, y: 0, z: 0, w: 1}
  m_LocalPosition: {x: -1.199, y: 0, z: 0}
  m_LocalScale: {x: 1, y: 1, z: 1}
  m_Children: []
  m_Father: {fileID: 4183745207631678681}
  m_RootOrder: 1
  m_LocalEulerAnglesHint: {x: 0, y: 0, z: 0}
--- !u!33 &4183745207442265233
MeshFilter:
  m_ObjectHideFlags: 0
  m_CorrespondingSourceObject: {fileID: 0}
  m_PrefabInstance: {fileID: 0}
  m_PrefabAsset: {fileID: 0}
  m_GameObject: {fileID: 4183745207442265237}
  m_Mesh: {fileID: 10202, guid: 0000000000000000e000000000000000, type: 0}
--- !u!65 &4183745207442265232
BoxCollider:
  m_ObjectHideFlags: 0
  m_CorrespondingSourceObject: {fileID: 0}
  m_PrefabInstance: {fileID: 0}
  m_PrefabAsset: {fileID: 0}
  m_GameObject: {fileID: 4183745207442265237}
  m_Material: {fileID: 0}
  m_IsTrigger: 1
  m_Enabled: 1
  serializedVersion: 2
  m_Size: {x: 3, y: 2, z: 10}
  m_Center: {x: -1.0226871, y: 0, z: 0}
--- !u!114 &4183745207442265230
MonoBehaviour:
  m_ObjectHideFlags: 0
  m_CorrespondingSourceObject: {fileID: 0}
  m_PrefabInstance: {fileID: 0}
  m_PrefabAsset: {fileID: 0}
  m_GameObject: {fileID: 4183745207442265237}
  m_Enabled: 1
  m_EditorHideFlags: 0
  m_Script: {fileID: 11500000, guid: 4a5de6967d0234347985495c84553186, type: 3}
  m_Name: 
  m_EditorClassIdentifier: 
  rewText: {fileID: 0}
  moneyTxt: {fileID: 0}
  allPoints: {fileID: 0}
  player:
  - {fileID: 0}
  - {fileID: 0}
  - {fileID: 0}
  - {fileID: 0}
  endGameGO:
  - {fileID: 4183745207444558303}
  - {fileID: 3901081450476291853}
  - {fileID: 4183745208432130974}
  - {fileID: 4183745209072605575}
  - {fileID: 4183745208195565024}
  end:
  - {fileID: 0}
  - {fileID: 0}
--- !u!1 &4183745207444558303
GameObject:
  m_ObjectHideFlags: 0
  m_CorrespondingSourceObject: {fileID: 0}
  m_PrefabInstance: {fileID: 0}
  m_PrefabAsset: {fileID: 0}
  serializedVersion: 6
  m_Component:
  - component: {fileID: 4183745207444558300}
  - component: {fileID: 4183745207444558299}
  - component: {fileID: 4183745207444558298}
  - component: {fileID: 4183745207444558301}
  m_Layer: 0
  m_Name: CAmeraOnEndPoint
  m_TagString: Untagged
  m_Icon: {fileID: 0}
  m_NavMeshLayer: 0
  m_StaticEditorFlags: 0
  m_IsActive: 0
--- !u!4 &4183745207444558300
Transform:
  m_ObjectHideFlags: 0
  m_CorrespondingSourceObject: {fileID: 0}
  m_PrefabInstance: {fileID: 0}
  m_PrefabAsset: {fileID: 0}
  m_GameObject: {fileID: 4183745207444558303}
  m_LocalRotation: {x: 0.3313194, y: -0.23321542, z: 0.08488346, w: 0.9102927}
  m_LocalPosition: {x: 3, y: 3, z: -5}
  m_LocalScale: {x: 1, y: 1, z: 1}
  m_Children: []
  m_Father: {fileID: 4183745207631678681}
  m_RootOrder: 0
  m_LocalEulerAnglesHint: {x: 40, y: -28.74, z: 0}
--- !u!20 &4183745207444558299
Camera:
  m_ObjectHideFlags: 0
  m_CorrespondingSourceObject: {fileID: 0}
  m_PrefabInstance: {fileID: 0}
  m_PrefabAsset: {fileID: 0}
  m_GameObject: {fileID: 4183745207444558303}
  m_Enabled: 1
  serializedVersion: 2
  m_ClearFlags: 1
  m_BackGroundColor: {r: 0.19215687, g: 0.3019608, b: 0.4745098, a: 0}
  m_projectionMatrixMode: 1
  m_GateFitMode: 2
  m_FOVAxisMode: 0
  m_SensorSize: {x: 36, y: 24}
  m_LensShift: {x: 0, y: 0}
  m_FocalLength: 50
  m_NormalizedViewPortRect:
    serializedVersion: 2
    x: 0
    y: 0
    width: 1
    height: 1
  near clip plane: 0.3
  far clip plane: 150
  field of view: 60
  orthographic: 0
  orthographic size: 5
  m_Depth: 0
  m_CullingMask:
    serializedVersion: 2
    m_Bits: 4294967295
  m_RenderingPath: -1
  m_TargetTexture: {fileID: 0}
  m_TargetDisplay: 0
  m_TargetEye: 3
  m_HDR: 1
  m_AllowMSAA: 1
  m_AllowDynamicResolution: 0
  m_ForceIntoRT: 0
  m_OcclusionCulling: 1
  m_StereoConvergence: 10
  m_StereoSeparation: 0.022
--- !u!81 &4183745207444558298
AudioListener:
  m_ObjectHideFlags: 0
  m_CorrespondingSourceObject: {fileID: 0}
  m_PrefabInstance: {fileID: 0}
  m_PrefabAsset: {fileID: 0}
  m_GameObject: {fileID: 4183745207444558303}
  m_Enabled: 1
--- !u!114 &4183745207444558301
MonoBehaviour:
  m_ObjectHideFlags: 0
  m_CorrespondingSourceObject: {fileID: 0}
  m_PrefabInstance: {fileID: 0}
  m_PrefabAsset: {fileID: 0}
  m_GameObject: {fileID: 4183745207444558303}
  m_Enabled: 1
  m_EditorHideFlags: 0
  m_Script: {fileID: 11500000, guid: ab65895f76fc0e54c9b6dd6905761489, type: 3}
  m_Name: 
  m_EditorClassIdentifier: 
  player: {fileID: 4183745207442265234}
  temp: 0.5
--- !u!1 &4183745207631678680
GameObject:
  m_ObjectHideFlags: 0
  m_CorrespondingSourceObject: {fileID: 0}
  m_PrefabInstance: {fileID: 0}
  m_PrefabAsset: {fileID: 0}
  serializedVersion: 6
  m_Component:
  - component: {fileID: 4183745207631678681}
  m_Layer: 0
  m_Name: Finish Object
  m_TagString: Finish
  m_Icon: {fileID: 0}
  m_NavMeshLayer: 0
  m_StaticEditorFlags: 0
  m_IsActive: 1
--- !u!4 &4183745207631678681
Transform:
  m_ObjectHideFlags: 0
  m_CorrespondingSourceObject: {fileID: 0}
  m_PrefabInstance: {fileID: 0}
  m_PrefabAsset: {fileID: 0}
  m_GameObject: {fileID: 4183745207631678680}
  m_LocalRotation: {x: 0, y: 0, z: 0, w: 1}
  m_LocalPosition: {x: -6.1, y: 2.07, z: 0.28}
  m_LocalScale: {x: 1, y: 1, z: 1}
  m_Children:
  - {fileID: 4183745207444558300}
  - {fileID: 4183745207442265234}
  - {fileID: 4432983925537546891}
  - {fileID: 4179784536706424975}
  - {fileID: 4179784538490562656}
  - {fileID: 4183745208799367700}
  m_Father: {fileID: 0}
  m_RootOrder: 0
  m_LocalEulerAnglesHint: {x: 0, y: 0, z: 0}
--- !u!1 &4183745208195565024
GameObject:
  m_ObjectHideFlags: 0
  m_CorrespondingSourceObject: {fileID: 0}
  m_PrefabInstance: {fileID: 0}
  m_PrefabAsset: {fileID: 0}
  serializedVersion: 6
  m_Component:
  - component: {fileID: 4183745208195565025}
  - component: {fileID: 4183745208195565022}
  m_Layer: 0
  m_Name: SoundFlare(4)
  m_TagString: Untagged
  m_Icon: {fileID: 0}
  m_NavMeshLayer: 0
  m_StaticEditorFlags: 0
  m_IsActive: 0
--- !u!4 &4183745208195565025
Transform:
  m_ObjectHideFlags: 0
  m_CorrespondingSourceObject: {fileID: 0}
  m_PrefabInstance: {fileID: 0}
  m_PrefabAsset: {fileID: 0}
  m_GameObject: {fileID: 4183745208195565024}
  m_LocalRotation: {x: 0, y: 0, z: 0, w: 1}
  m_LocalPosition: {x: 2.422, y: 0, z: -2.277}
  m_LocalScale: {x: 1, y: 1, z: 1}
  m_Children:
  - {fileID: 4183745207892066547}
  - {fileID: 4183745208586909794}
  m_Father: {fileID: 4183745208799367700}
  m_RootOrder: 3
  m_LocalEulerAnglesHint: {x: 0, y: 0, z: 0}
--- !u!82 &4183745208195565022
AudioSource:
  m_ObjectHideFlags: 0
  m_CorrespondingSourceObject: {fileID: 0}
  m_PrefabInstance: {fileID: 0}
  m_PrefabAsset: {fileID: 0}
  m_GameObject: {fileID: 4183745208195565024}
  m_Enabled: 1
  serializedVersion: 4
  OutputAudioMixerGroup: {fileID: 0}
  m_audioClip: {fileID: 8300000, guid: 86caf34ec3670b9409c6c71ee0e8488d, type: 3}
  m_PlayOnAwake: 1
  m_Volume: 1
  m_Pitch: 1
  Loop: 0
  Mute: 0
  Spatialize: 0
  SpatializePostEffects: 0
  Priority: 128
  DopplerLevel: 1
  MinDistance: 1
  MaxDistance: 500
  Pan2D: 0
  rolloffMode: 0
  BypassEffects: 0
  BypassListenerEffects: 0
  BypassReverbZones: 0
  rolloffCustomCurve:
    serializedVersion: 2
    m_Curve:
    - serializedVersion: 3
      time: 0
      value: 1
      inSlope: 0
      outSlope: 0
      tangentMode: 0
      weightedMode: 0
      inWeight: 0.33333334
      outWeight: 0.33333334
    - serializedVersion: 3
      time: 1
      value: 0
      inSlope: 0
      outSlope: 0
      tangentMode: 0
      weightedMode: 0
      inWeight: 0.33333334
      outWeight: 0.33333334
    m_PreInfinity: 2
    m_PostInfinity: 2
    m_RotationOrder: 4
  panLevelCustomCurve:
    serializedVersion: 2
    m_Curve:
    - serializedVersion: 3
      time: 0
      value: 0
      inSlope: 0
      outSlope: 0
      tangentMode: 0
      weightedMode: 0
      inWeight: 0.33333334
      outWeight: 0.33333334
    m_PreInfinity: 2
    m_PostInfinity: 2
    m_RotationOrder: 4
  spreadCustomCurve:
    serializedVersion: 2
    m_Curve:
    - serializedVersion: 3
      time: 0
      value: 0
      inSlope: 0
      outSlope: 0
      tangentMode: 0
      weightedMode: 0
      inWeight: 0.33333334
      outWeight: 0.33333334
    m_PreInfinity: 2
    m_PostInfinity: 2
    m_RotationOrder: 4
  reverbZoneMixCustomCurve:
    serializedVersion: 2
    m_Curve:
    - serializedVersion: 3
      time: 0
      value: 1
      inSlope: 0
      outSlope: 0
      tangentMode: 0
      weightedMode: 0
      inWeight: 0.33333334
      outWeight: 0.33333334
    m_PreInfinity: 2
    m_PostInfinity: 2
    m_RotationOrder: 4
--- !u!1 &4183745208432130974
GameObject:
  m_ObjectHideFlags: 0
  m_CorrespondingSourceObject: {fileID: 0}
  m_PrefabInstance: {fileID: 0}
  m_PrefabAsset: {fileID: 0}
  serializedVersion: 6
  m_Component:
  - component: {fileID: 4183745208432130975}
  - component: {fileID: 4183745208432130972}
  m_Layer: 0
  m_Name: SoundFlare(2)
  m_TagString: Untagged
  m_Icon: {fileID: 0}
  m_NavMeshLayer: 0
  m_StaticEditorFlags: 0
  m_IsActive: 0
--- !u!4 &4183745208432130975
Transform:
  m_ObjectHideFlags: 0
  m_CorrespondingSourceObject: {fileID: 0}
  m_PrefabInstance: {fileID: 0}
  m_PrefabAsset: {fileID: 0}
  m_GameObject: {fileID: 4183745208432130974}
  m_LocalRotation: {x: 0, y: 0, z: 0, w: 1}
  m_LocalPosition: {x: -1.22, y: 0, z: -2.57}
  m_LocalScale: {x: 1, y: 1, z: 1}
  m_Children:
  - {fileID: 4183745208875644523}
  - {fileID: 4183745209045510160}
  m_Father: {fileID: 4183745208799367700}
  m_RootOrder: 1
  m_LocalEulerAnglesHint: {x: 0, y: 0, z: 0}
--- !u!82 &4183745208432130972
AudioSource:
  m_ObjectHideFlags: 0
  m_CorrespondingSourceObject: {fileID: 0}
  m_PrefabInstance: {fileID: 0}
  m_PrefabAsset: {fileID: 0}
  m_GameObject: {fileID: 4183745208432130974}
  m_Enabled: 1
  serializedVersion: 4
  OutputAudioMixerGroup: {fileID: 0}
  m_audioClip: {fileID: 8300000, guid: 86caf34ec3670b9409c6c71ee0e8488d, type: 3}
  m_PlayOnAwake: 1
  m_Volume: 1
  m_Pitch: 1
  Loop: 0
  Mute: 0
  Spatialize: 0
  SpatializePostEffects: 0
  Priority: 128
  DopplerLevel: 1
  MinDistance: 1
  MaxDistance: 500
  Pan2D: 0
  rolloffMode: 0
  BypassEffects: 0
  BypassListenerEffects: 0
  BypassReverbZones: 0
  rolloffCustomCurve:
    serializedVersion: 2
    m_Curve:
    - serializedVersion: 3
      time: 0
      value: 1
      inSlope: 0
      outSlope: 0
      tangentMode: 0
      weightedMode: 0
      inWeight: 0.33333334
      outWeight: 0.33333334
    - serializedVersion: 3
      time: 1
      value: 0
      inSlope: 0
      outSlope: 0
      tangentMode: 0
      weightedMode: 0
      inWeight: 0.33333334
      outWeight: 0.33333334
    m_PreInfinity: 2
    m_PostInfinity: 2
    m_RotationOrder: 4
  panLevelCustomCurve:
    serializedVersion: 2
    m_Curve:
    - serializedVersion: 3
      time: 0
      value: 0
      inSlope: 0
      outSlope: 0
      tangentMode: 0
      weightedMode: 0
      inWeight: 0.33333334
      outWeight: 0.33333334
    m_PreInfinity: 2
    m_PostInfinity: 2
    m_RotationOrder: 4
  spreadCustomCurve:
    serializedVersion: 2
    m_Curve:
    - serializedVersion: 3
      time: 0
      value: 0
      inSlope: 0
      outSlope: 0
      tangentMode: 0
      weightedMode: 0
      inWeight: 0.33333334
      outWeight: 0.33333334
    m_PreInfinity: 2
    m_PostInfinity: 2
    m_RotationOrder: 4
  reverbZoneMixCustomCurve:
    serializedVersion: 2
    m_Curve:
    - serializedVersion: 3
      time: 0
      value: 1
      inSlope: 0
      outSlope: 0
      tangentMode: 0
      weightedMode: 0
      inWeight: 0.33333334
      outWeight: 0.33333334
    m_PreInfinity: 2
    m_PostInfinity: 2
    m_RotationOrder: 4
--- !u!1 &4183745208799367703
GameObject:
  m_ObjectHideFlags: 0
  m_CorrespondingSourceObject: {fileID: 0}
  m_PrefabInstance: {fileID: 0}
  m_PrefabAsset: {fileID: 0}
  serializedVersion: 6
  m_Component:
  - component: {fileID: 4183745208799367700}
  m_Layer: 0
  m_Name: Ends
  m_TagString: Untagged
  m_Icon: {fileID: 0}
  m_NavMeshLayer: 0
  m_StaticEditorFlags: 0
  m_IsActive: 1
--- !u!4 &4183745208799367700
Transform:
  m_ObjectHideFlags: 0
  m_CorrespondingSourceObject: {fileID: 0}
  m_PrefabInstance: {fileID: 0}
  m_PrefabAsset: {fileID: 0}
  m_GameObject: {fileID: 4183745208799367703}
  m_LocalRotation: {x: 0, y: 0, z: 0, w: 1}
  m_LocalPosition: {x: 0, y: 0, z: 0}
  m_LocalScale: {x: 1, y: 1, z: 1}
  m_Children:
  - {fileID: 3901081450476291854}
  - {fileID: 4183745208432130975}
  - {fileID: 4183745209072605572}
  - {fileID: 4183745208195565025}
  m_Father: {fileID: 4183745207631678681}
  m_RootOrder: 5
  m_LocalEulerAnglesHint: {x: 0, y: 0, z: 0}
--- !u!1 &4183745209072605575
GameObject:
  m_ObjectHideFlags: 0
  m_CorrespondingSourceObject: {fileID: 0}
  m_PrefabInstance: {fileID: 0}
  m_PrefabAsset: {fileID: 0}
  serializedVersion: 6
  m_Component:
  - component: {fileID: 4183745209072605572}
  - component: {fileID: 4183745209072605573}
  m_Layer: 0
  m_Name: SoundFlare(3)
  m_TagString: Untagged
  m_Icon: {fileID: 0}
  m_NavMeshLayer: 0
  m_StaticEditorFlags: 0
  m_IsActive: 0
--- !u!4 &4183745209072605572
Transform:
  m_ObjectHideFlags: 0
  m_CorrespondingSourceObject: {fileID: 0}
  m_PrefabInstance: {fileID: 0}
  m_PrefabAsset: {fileID: 0}
  m_GameObject: {fileID: 4183745209072605575}
  m_LocalRotation: {x: 0, y: 0, z: 0, w: 1}
  m_LocalPosition: {x: 2.383, y: 0, z: 2.186}
  m_LocalScale: {x: 1, y: 1, z: 1}
  m_Children:
  - {fileID: 4183745208738064063}
  - {fileID: 4183745209143005188}
  m_Father: {fileID: 4183745208799367700}
  m_RootOrder: 2
  m_LocalEulerAnglesHint: {x: 0, y: 0, z: 0}
--- !u!82 &4183745209072605573
AudioSource:
  m_ObjectHideFlags: 0
  m_CorrespondingSourceObject: {fileID: 0}
  m_PrefabInstance: {fileID: 0}
  m_PrefabAsset: {fileID: 0}
  m_GameObject: {fileID: 4183745209072605575}
  m_Enabled: 1
  serializedVersion: 4
  OutputAudioMixerGroup: {fileID: 0}
  m_audioClip: {fileID: 8300000, guid: 86caf34ec3670b9409c6c71ee0e8488d, type: 3}
  m_PlayOnAwake: 1
  m_Volume: 1
  m_Pitch: 1
  Loop: 0
  Mute: 0
  Spatialize: 0
  SpatializePostEffects: 0
  Priority: 128
  DopplerLevel: 1
  MinDistance: 1
  MaxDistance: 500
  Pan2D: 0
  rolloffMode: 0
  BypassEffects: 0
  BypassListenerEffects: 0
  BypassReverbZones: 0
  rolloffCustomCurve:
    serializedVersion: 2
    m_Curve:
    - serializedVersion: 3
      time: 0
      value: 1
      inSlope: 0
      outSlope: 0
      tangentMode: 0
      weightedMode: 0
      inWeight: 0.33333334
      outWeight: 0.33333334
    - serializedVersion: 3
      time: 1
      value: 0
      inSlope: 0
      outSlope: 0
      tangentMode: 0
      weightedMode: 0
      inWeight: 0.33333334
      outWeight: 0.33333334
    m_PreInfinity: 2
    m_PostInfinity: 2
    m_RotationOrder: 4
  panLevelCustomCurve:
    serializedVersion: 2
    m_Curve:
    - serializedVersion: 3
      time: 0
      value: 0
      inSlope: 0
      outSlope: 0
      tangentMode: 0
      weightedMode: 0
      inWeight: 0.33333334
      outWeight: 0.33333334
    m_PreInfinity: 2
    m_PostInfinity: 2
    m_RotationOrder: 4
  spreadCustomCurve:
    serializedVersion: 2
    m_Curve:
    - serializedVersion: 3
      time: 0
      value: 0
      inSlope: 0
      outSlope: 0
      tangentMode: 0
      weightedMode: 0
      inWeight: 0.33333334
      outWeight: 0.33333334
    m_PreInfinity: 2
    m_PostInfinity: 2
    m_RotationOrder: 4
  reverbZoneMixCustomCurve:
    serializedVersion: 2
    m_Curve:
    - serializedVersion: 3
      time: 0
      value: 1
      inSlope: 0
      outSlope: 0
      tangentMode: 0
      weightedMode: 0
      inWeight: 0.33333334
      outWeight: 0.33333334
    m_PreInfinity: 2
    m_PostInfinity: 2
    m_RotationOrder: 4
--- !u!64 &5186269390856793229
MeshCollider:
  m_ObjectHideFlags: 0
  m_CorrespondingSourceObject: {fileID: 0}
  m_PrefabInstance: {fileID: 0}
  m_PrefabAsset: {fileID: 0}
  m_GameObject: {fileID: 4747991187708951859}
  m_Material: {fileID: 0}
  m_IsTrigger: 0
  m_Enabled: 1
  serializedVersion: 4
  m_Convex: 1
  m_CookingOptions: 30
  m_Mesh: {fileID: 9155925595706133183, guid: 61da64e89795d4abebabd6c20b334bba, type: 3}
--- !u!64 &3672109847955630411
MeshCollider:
  m_ObjectHideFlags: 0
  m_CorrespondingSourceObject: {fileID: 0}
  m_PrefabInstance: {fileID: 0}
  m_PrefabAsset: {fileID: 0}
  m_GameObject: {fileID: 6731908761699277274}
  m_Material: {fileID: 0}
  m_IsTrigger: 0
  m_Enabled: 1
  serializedVersion: 4
  m_Convex: 1
  m_CookingOptions: 30
  m_Mesh: {fileID: -6836316679764832659, guid: 61da64e89795d4abebabd6c20b334bba, type: 3}
--- !u!64 &5031254962700707281
MeshCollider:
  m_ObjectHideFlags: 0
  m_CorrespondingSourceObject: {fileID: 0}
  m_PrefabInstance: {fileID: 0}
  m_PrefabAsset: {fileID: 0}
  m_GameObject: {fileID: 7934949495203231328}
  m_Material: {fileID: 0}
  m_IsTrigger: 0
  m_Enabled: 1
  serializedVersion: 4
  m_Convex: 1
  m_CookingOptions: 30
  m_Mesh: {fileID: -2492161148496876098, guid: 61da64e89795d4abebabd6c20b334bba, type: 3}
--- !u!64 &3117378267652407769
MeshCollider:
  m_ObjectHideFlags: 0
  m_CorrespondingSourceObject: {fileID: 0}
  m_PrefabInstance: {fileID: 0}
  m_PrefabAsset: {fileID: 0}
  m_GameObject: {fileID: 8710115347180964425}
  m_Material: {fileID: 0}
  m_IsTrigger: 0
  m_Enabled: 1
  serializedVersion: 4
  m_Convex: 1
  m_CookingOptions: 30
  m_Mesh: {fileID: 6542240111531354173, guid: 61da64e89795d4abebabd6c20b334bba, type: 3}
--- !u!1001 &4183745207891667443
PrefabInstance:
  m_ObjectHideFlags: 0
  serializedVersion: 2
  m_Modification:
    m_TransformParent: {fileID: 4183745208195565025}
    m_Modifications:
    - target: {fileID: 129898, guid: 36bdc02b23d9ca94d93bd715c0cca5c0, type: 3}
      propertyPath: m_Name
      value: ConfettiBlastRainbow
      objectReference: {fileID: 0}
    - target: {fileID: 129898, guid: 36bdc02b23d9ca94d93bd715c0cca5c0, type: 3}
      propertyPath: m_IsActive
      value: 1
      objectReference: {fileID: 0}
    - target: {fileID: 420096, guid: 36bdc02b23d9ca94d93bd715c0cca5c0, type: 3}
      propertyPath: m_RootOrder
      value: 0
      objectReference: {fileID: 0}
    - target: {fileID: 420096, guid: 36bdc02b23d9ca94d93bd715c0cca5c0, type: 3}
      propertyPath: m_LocalScale.x
      value: 1
      objectReference: {fileID: 0}
    - target: {fileID: 420096, guid: 36bdc02b23d9ca94d93bd715c0cca5c0, type: 3}
      propertyPath: m_LocalScale.y
      value: 1
      objectReference: {fileID: 0}
    - target: {fileID: 420096, guid: 36bdc02b23d9ca94d93bd715c0cca5c0, type: 3}
      propertyPath: m_LocalScale.z
      value: 1
      objectReference: {fileID: 0}
    - target: {fileID: 420096, guid: 36bdc02b23d9ca94d93bd715c0cca5c0, type: 3}
      propertyPath: m_LocalPosition.x
      value: 0
      objectReference: {fileID: 0}
    - target: {fileID: 420096, guid: 36bdc02b23d9ca94d93bd715c0cca5c0, type: 3}
      propertyPath: m_LocalPosition.y
      value: -0.03749992
      objectReference: {fileID: 0}
    - target: {fileID: 420096, guid: 36bdc02b23d9ca94d93bd715c0cca5c0, type: 3}
      propertyPath: m_LocalPosition.z
      value: -0.92500097
      objectReference: {fileID: 0}
    - target: {fileID: 420096, guid: 36bdc02b23d9ca94d93bd715c0cca5c0, type: 3}
      propertyPath: m_LocalRotation.w
      value: 0.8483716
      objectReference: {fileID: 0}
    - target: {fileID: 420096, guid: 36bdc02b23d9ca94d93bd715c0cca5c0, type: 3}
      propertyPath: m_LocalRotation.x
      value: -0.5294011
      objectReference: {fileID: 0}
    - target: {fileID: 420096, guid: 36bdc02b23d9ca94d93bd715c0cca5c0, type: 3}
      propertyPath: m_LocalRotation.y
      value: 0
      objectReference: {fileID: 0}
    - target: {fileID: 420096, guid: 36bdc02b23d9ca94d93bd715c0cca5c0, type: 3}
      propertyPath: m_LocalRotation.z
      value: 0
      objectReference: {fileID: 0}
    - target: {fileID: 420096, guid: 36bdc02b23d9ca94d93bd715c0cca5c0, type: 3}
      propertyPath: m_LocalEulerAnglesHint.x
      value: -63.93
      objectReference: {fileID: 0}
    - target: {fileID: 420096, guid: 36bdc02b23d9ca94d93bd715c0cca5c0, type: 3}
      propertyPath: m_LocalEulerAnglesHint.y
      value: 0
      objectReference: {fileID: 0}
    - target: {fileID: 420096, guid: 36bdc02b23d9ca94d93bd715c0cca5c0, type: 3}
      propertyPath: m_LocalEulerAnglesHint.z
      value: 0
      objectReference: {fileID: 0}
    - target: {fileID: 19877600, guid: 36bdc02b23d9ca94d93bd715c0cca5c0, type: 3}
      propertyPath: looping
      value: 0
      objectReference: {fileID: 0}
    - target: {fileID: 19877600, guid: 36bdc02b23d9ca94d93bd715c0cca5c0, type: 3}
      propertyPath: lengthInSec
      value: 1.5
      objectReference: {fileID: 0}
    - target: {fileID: 19877600, guid: 36bdc02b23d9ca94d93bd715c0cca5c0, type: 3}
      propertyPath: UVModule.tilesX
      value: 2
      objectReference: {fileID: 0}
    - target: {fileID: 19877600, guid: 36bdc02b23d9ca94d93bd715c0cca5c0, type: 3}
      propertyPath: UVModule.tilesY
      value: 2
      objectReference: {fileID: 0}
    - target: {fileID: 19877600, guid: 36bdc02b23d9ca94d93bd715c0cca5c0, type: 3}
      propertyPath: ShapeModule.type
      value: 4
      objectReference: {fileID: 0}
    - target: {fileID: 19877600, guid: 36bdc02b23d9ca94d93bd715c0cca5c0, type: 3}
      propertyPath: UVModule.enabled
      value: 1
      objectReference: {fileID: 0}
    - target: {fileID: 19877600, guid: 36bdc02b23d9ca94d93bd715c0cca5c0, type: 3}
      propertyPath: SizeModule.enabled
      value: 1
      objectReference: {fileID: 0}
    - target: {fileID: 19877600, guid: 36bdc02b23d9ca94d93bd715c0cca5c0, type: 3}
      propertyPath: ForceModule.enabled
      value: 0
      objectReference: {fileID: 0}
    - target: {fileID: 19877600, guid: 36bdc02b23d9ca94d93bd715c0cca5c0, type: 3}
      propertyPath: TrailModule.enabled
      value: 0
      objectReference: {fileID: 0}
    - target: {fileID: 19877600, guid: 36bdc02b23d9ca94d93bd715c0cca5c0, type: 3}
      propertyPath: LightsModule.enabled
      value: 0
      objectReference: {fileID: 0}
    - target: {fileID: 19877600, guid: 36bdc02b23d9ca94d93bd715c0cca5c0, type: 3}
      propertyPath: RotationModule.enabled
      value: 1
      objectReference: {fileID: 0}
    - target: {fileID: 19877600, guid: 36bdc02b23d9ca94d93bd715c0cca5c0, type: 3}
      propertyPath: ShapeModule.radiusThickness
      value: 1
      objectReference: {fileID: 0}
    - target: {fileID: 19877600, guid: 36bdc02b23d9ca94d93bd715c0cca5c0, type: 3}
      propertyPath: RotationModule.x.minMaxState
      value: 3
      objectReference: {fileID: 0}
    - target: {fileID: 19877600, guid: 36bdc02b23d9ca94d93bd715c0cca5c0, type: 3}
      propertyPath: RotationModule.y.minMaxState
      value: 3
      objectReference: {fileID: 0}
    - target: {fileID: 19877600, guid: 36bdc02b23d9ca94d93bd715c0cca5c0, type: 3}
      propertyPath: ForceModule.randomizePerFrame
      value: 0
      objectReference: {fileID: 0}
    - target: {fileID: 19877600, guid: 36bdc02b23d9ca94d93bd715c0cca5c0, type: 3}
      propertyPath: RotationBySpeedModule.enabled
      value: 1
      objectReference: {fileID: 0}
    - target: {fileID: 19877600, guid: 36bdc02b23d9ca94d93bd715c0cca5c0, type: 3}
      propertyPath: RotationBySpeedModule.x.minMaxState
      value: 3
      objectReference: {fileID: 0}
    - target: {fileID: 19877600, guid: 36bdc02b23d9ca94d93bd715c0cca5c0, type: 3}
      propertyPath: RotationBySpeedModule.y.minMaxState
      value: 3
      objectReference: {fileID: 0}
    - target: {fileID: 19877600, guid: 36bdc02b23d9ca94d93bd715c0cca5c0, type: 3}
      propertyPath: EmissionModule.m_Bursts.Array.data[0].countCurve.scalar
      value: 60
      objectReference: {fileID: 0}
    m_RemovedComponents: []
  m_SourcePrefab: {fileID: 100100000, guid: 36bdc02b23d9ca94d93bd715c0cca5c0, type: 3}
--- !u!4 &4183745207892066547 stripped
Transform:
  m_CorrespondingSourceObject: {fileID: 420096, guid: 36bdc02b23d9ca94d93bd715c0cca5c0, type: 3}
  m_PrefabInstance: {fileID: 4183745207891667443}
  m_PrefabAsset: {fileID: 0}
--- !u!1001 &4183745208064309459
PrefabInstance:
  m_ObjectHideFlags: 0
  serializedVersion: 2
  m_Modification:
    m_TransformParent: {fileID: 4183745207631678681}
    m_Modifications:
    - target: {fileID: 1000014124467848, guid: df8b2e05e6bc70e4eb740280ce078f7f, type: 3}
      propertyPath: m_Name
      value: flag_med
      objectReference: {fileID: 0}
    - target: {fileID: 4000013258905692, guid: df8b2e05e6bc70e4eb740280ce078f7f, type: 3}
      propertyPath: m_RootOrder
      value: 3
      objectReference: {fileID: 0}
    - target: {fileID: 4000013258905692, guid: df8b2e05e6bc70e4eb740280ce078f7f, type: 3}
      propertyPath: m_LocalScale.x
      value: 1
      objectReference: {fileID: 0}
    - target: {fileID: 4000013258905692, guid: df8b2e05e6bc70e4eb740280ce078f7f, type: 3}
      propertyPath: m_LocalScale.z
      value: 1
      objectReference: {fileID: 0}
    - target: {fileID: 4000013258905692, guid: df8b2e05e6bc70e4eb740280ce078f7f, type: 3}
      propertyPath: m_LocalPosition.x
      value: -3.35
      objectReference: {fileID: 0}
    - target: {fileID: 4000013258905692, guid: df8b2e05e6bc70e4eb740280ce078f7f, type: 3}
      propertyPath: m_LocalPosition.y
      value: 0.65
      objectReference: {fileID: 0}
    - target: {fileID: 4000013258905692, guid: df8b2e05e6bc70e4eb740280ce078f7f, type: 3}
      propertyPath: m_LocalPosition.z
      value: -2.71
      objectReference: {fileID: 0}
    - target: {fileID: 4000013258905692, guid: df8b2e05e6bc70e4eb740280ce078f7f, type: 3}
      propertyPath: m_LocalRotation.w
      value: 0
      objectReference: {fileID: 0}
    - target: {fileID: 4000013258905692, guid: df8b2e05e6bc70e4eb740280ce078f7f, type: 3}
      propertyPath: m_LocalRotation.x
      value: 0
      objectReference: {fileID: 0}
    - target: {fileID: 4000013258905692, guid: df8b2e05e6bc70e4eb740280ce078f7f, type: 3}
      propertyPath: m_LocalRotation.y
      value: 1
      objectReference: {fileID: 0}
    - target: {fileID: 4000013258905692, guid: df8b2e05e6bc70e4eb740280ce078f7f, type: 3}
      propertyPath: m_LocalRotation.z
      value: 0
      objectReference: {fileID: 0}
    - target: {fileID: 4000013258905692, guid: df8b2e05e6bc70e4eb740280ce078f7f, type: 3}
      propertyPath: m_LocalEulerAnglesHint.x
      value: 0
      objectReference: {fileID: 0}
    - target: {fileID: 4000013258905692, guid: df8b2e05e6bc70e4eb740280ce078f7f, type: 3}
      propertyPath: m_LocalEulerAnglesHint.y
      value: 180
      objectReference: {fileID: 0}
    - target: {fileID: 4000013258905692, guid: df8b2e05e6bc70e4eb740280ce078f7f, type: 3}
      propertyPath: m_LocalEulerAnglesHint.z
      value: 0
      objectReference: {fileID: 0}
    m_RemovedComponents: []
  m_SourcePrefab: {fileID: 100100000, guid: df8b2e05e6bc70e4eb740280ce078f7f, type: 3}
--- !u!4 &4179784536706424975 stripped
Transform:
  m_CorrespondingSourceObject: {fileID: 4000013258905692, guid: df8b2e05e6bc70e4eb740280ce078f7f, type: 3}
  m_PrefabInstance: {fileID: 4183745208064309459}
  m_PrefabAsset: {fileID: 0}
--- !u!1001 &4183745208493715516
PrefabInstance:
  m_ObjectHideFlags: 0
  serializedVersion: 2
  m_Modification:
    m_TransformParent: {fileID: 4183745207631678681}
    m_Modifications:
    - target: {fileID: 1000014124467848, guid: df8b2e05e6bc70e4eb740280ce078f7f, type: 3}
      propertyPath: m_Name
      value: flag_med (1)
      objectReference: {fileID: 0}
    - target: {fileID: 4000013258905692, guid: df8b2e05e6bc70e4eb740280ce078f7f, type: 3}
      propertyPath: m_RootOrder
      value: 4
      objectReference: {fileID: 0}
    - target: {fileID: 4000013258905692, guid: df8b2e05e6bc70e4eb740280ce078f7f, type: 3}
      propertyPath: m_LocalScale.x
      value: 1
      objectReference: {fileID: 0}
    - target: {fileID: 4000013258905692, guid: df8b2e05e6bc70e4eb740280ce078f7f, type: 3}
      propertyPath: m_LocalScale.z
      value: 1
      objectReference: {fileID: 0}
    - target: {fileID: 4000013258905692, guid: df8b2e05e6bc70e4eb740280ce078f7f, type: 3}
      propertyPath: m_LocalPosition.x
      value: -3.34
      objectReference: {fileID: 0}
    - target: {fileID: 4000013258905692, guid: df8b2e05e6bc70e4eb740280ce078f7f, type: 3}
      propertyPath: m_LocalPosition.y
      value: 0.7
      objectReference: {fileID: 0}
    - target: {fileID: 4000013258905692, guid: df8b2e05e6bc70e4eb740280ce078f7f, type: 3}
      propertyPath: m_LocalPosition.z
      value: 2.69
      objectReference: {fileID: 0}
    - target: {fileID: 4000013258905692, guid: df8b2e05e6bc70e4eb740280ce078f7f, type: 3}
      propertyPath: m_LocalRotation.w
      value: 1
      objectReference: {fileID: 0}
    - target: {fileID: 4000013258905692, guid: df8b2e05e6bc70e4eb740280ce078f7f, type: 3}
      propertyPath: m_LocalRotation.x
      value: 0
      objectReference: {fileID: 0}
    - target: {fileID: 4000013258905692, guid: df8b2e05e6bc70e4eb740280ce078f7f, type: 3}
      propertyPath: m_LocalRotation.y
      value: 0
      objectReference: {fileID: 0}
    - target: {fileID: 4000013258905692, guid: df8b2e05e6bc70e4eb740280ce078f7f, type: 3}
      propertyPath: m_LocalRotation.z
      value: 0
      objectReference: {fileID: 0}
    - target: {fileID: 4000013258905692, guid: df8b2e05e6bc70e4eb740280ce078f7f, type: 3}
      propertyPath: m_LocalEulerAnglesHint.x
      value: 0
      objectReference: {fileID: 0}
    - target: {fileID: 4000013258905692, guid: df8b2e05e6bc70e4eb740280ce078f7f, type: 3}
      propertyPath: m_LocalEulerAnglesHint.y
      value: 0
      objectReference: {fileID: 0}
    - target: {fileID: 4000013258905692, guid: df8b2e05e6bc70e4eb740280ce078f7f, type: 3}
      propertyPath: m_LocalEulerAnglesHint.z
      value: 0
      objectReference: {fileID: 0}
    m_RemovedComponents: []
  m_SourcePrefab: {fileID: 100100000, guid: df8b2e05e6bc70e4eb740280ce078f7f, type: 3}
--- !u!4 &4179784538490562656 stripped
Transform:
  m_CorrespondingSourceObject: {fileID: 4000013258905692, guid: df8b2e05e6bc70e4eb740280ce078f7f, type: 3}
  m_PrefabInstance: {fileID: 4183745208493715516}
  m_PrefabAsset: {fileID: 0}
--- !u!1001 &4183745208587309410
PrefabInstance:
  m_ObjectHideFlags: 0
  serializedVersion: 2
  m_Modification:
    m_TransformParent: {fileID: 4183745208195565025}
    m_Modifications:
    - target: {fileID: 129898, guid: 36bdc02b23d9ca94d93bd715c0cca5c0, type: 3}
      propertyPath: m_Name
      value: ConfettiBlastRainbow (1)
      objectReference: {fileID: 0}
    - target: {fileID: 129898, guid: 36bdc02b23d9ca94d93bd715c0cca5c0, type: 3}
      propertyPath: m_IsActive
      value: 1
      objectReference: {fileID: 0}
    - target: {fileID: 420096, guid: 36bdc02b23d9ca94d93bd715c0cca5c0, type: 3}
      propertyPath: m_RootOrder
      value: 1
      objectReference: {fileID: 0}
    - target: {fileID: 420096, guid: 36bdc02b23d9ca94d93bd715c0cca5c0, type: 3}
      propertyPath: m_LocalScale.x
      value: 1
      objectReference: {fileID: 0}
    - target: {fileID: 420096, guid: 36bdc02b23d9ca94d93bd715c0cca5c0, type: 3}
      propertyPath: m_LocalScale.y
      value: 1
      objectReference: {fileID: 0}
    - target: {fileID: 420096, guid: 36bdc02b23d9ca94d93bd715c0cca5c0, type: 3}
      propertyPath: m_LocalScale.z
      value: 1
      objectReference: {fileID: 0}
    - target: {fileID: 420096, guid: 36bdc02b23d9ca94d93bd715c0cca5c0, type: 3}
      propertyPath: m_LocalPosition.x
      value: 0
      objectReference: {fileID: 0}
    - target: {fileID: 420096, guid: 36bdc02b23d9ca94d93bd715c0cca5c0, type: 3}
      propertyPath: m_LocalPosition.y
      value: 0
      objectReference: {fileID: 0}
    - target: {fileID: 420096, guid: 36bdc02b23d9ca94d93bd715c0cca5c0, type: 3}
      propertyPath: m_LocalPosition.z
      value: 0.8249988
      objectReference: {fileID: 0}
    - target: {fileID: 420096, guid: 36bdc02b23d9ca94d93bd715c0cca5c0, type: 3}
      propertyPath: m_LocalRotation.w
      value: 0.559193
      objectReference: {fileID: 0}
    - target: {fileID: 420096, guid: 36bdc02b23d9ca94d93bd715c0cca5c0, type: 3}
      propertyPath: m_LocalRotation.x
      value: -0.82903755
      objectReference: {fileID: 0}
    - target: {fileID: 420096, guid: 36bdc02b23d9ca94d93bd715c0cca5c0, type: 3}
      propertyPath: m_LocalRotation.y
      value: 0
      objectReference: {fileID: 0}
    - target: {fileID: 420096, guid: 36bdc02b23d9ca94d93bd715c0cca5c0, type: 3}
      propertyPath: m_LocalRotation.z
      value: 0
      objectReference: {fileID: 0}
    - target: {fileID: 420096, guid: 36bdc02b23d9ca94d93bd715c0cca5c0, type: 3}
      propertyPath: m_LocalEulerAnglesHint.x
      value: -112
      objectReference: {fileID: 0}
    - target: {fileID: 420096, guid: 36bdc02b23d9ca94d93bd715c0cca5c0, type: 3}
      propertyPath: m_LocalEulerAnglesHint.y
      value: 0
      objectReference: {fileID: 0}
    - target: {fileID: 420096, guid: 36bdc02b23d9ca94d93bd715c0cca5c0, type: 3}
      propertyPath: m_LocalEulerAnglesHint.z
      value: 0
      objectReference: {fileID: 0}
    - target: {fileID: 19877600, guid: 36bdc02b23d9ca94d93bd715c0cca5c0, type: 3}
      propertyPath: looping
      value: 0
      objectReference: {fileID: 0}
    - target: {fileID: 19877600, guid: 36bdc02b23d9ca94d93bd715c0cca5c0, type: 3}
      propertyPath: lengthInSec
      value: 1.5
      objectReference: {fileID: 0}
    - target: {fileID: 19877600, guid: 36bdc02b23d9ca94d93bd715c0cca5c0, type: 3}
      propertyPath: UVModule.tilesX
      value: 2
      objectReference: {fileID: 0}
    - target: {fileID: 19877600, guid: 36bdc02b23d9ca94d93bd715c0cca5c0, type: 3}
      propertyPath: UVModule.tilesY
      value: 2
      objectReference: {fileID: 0}
    - target: {fileID: 19877600, guid: 36bdc02b23d9ca94d93bd715c0cca5c0, type: 3}
      propertyPath: ShapeModule.type
      value: 4
      objectReference: {fileID: 0}
    - target: {fileID: 19877600, guid: 36bdc02b23d9ca94d93bd715c0cca5c0, type: 3}
      propertyPath: UVModule.enabled
      value: 1
      objectReference: {fileID: 0}
    - target: {fileID: 19877600, guid: 36bdc02b23d9ca94d93bd715c0cca5c0, type: 3}
      propertyPath: SizeModule.enabled
      value: 1
      objectReference: {fileID: 0}
    - target: {fileID: 19877600, guid: 36bdc02b23d9ca94d93bd715c0cca5c0, type: 3}
      propertyPath: ForceModule.enabled
      value: 0
      objectReference: {fileID: 0}
    - target: {fileID: 19877600, guid: 36bdc02b23d9ca94d93bd715c0cca5c0, type: 3}
      propertyPath: TrailModule.enabled
      value: 0
      objectReference: {fileID: 0}
    - target: {fileID: 19877600, guid: 36bdc02b23d9ca94d93bd715c0cca5c0, type: 3}
      propertyPath: LightsModule.enabled
      value: 0
      objectReference: {fileID: 0}
    - target: {fileID: 19877600, guid: 36bdc02b23d9ca94d93bd715c0cca5c0, type: 3}
      propertyPath: RotationModule.enabled
      value: 1
      objectReference: {fileID: 0}
    - target: {fileID: 19877600, guid: 36bdc02b23d9ca94d93bd715c0cca5c0, type: 3}
      propertyPath: ShapeModule.radiusThickness
      value: 1
      objectReference: {fileID: 0}
    - target: {fileID: 19877600, guid: 36bdc02b23d9ca94d93bd715c0cca5c0, type: 3}
      propertyPath: RotationModule.x.minMaxState
      value: 3
      objectReference: {fileID: 0}
    - target: {fileID: 19877600, guid: 36bdc02b23d9ca94d93bd715c0cca5c0, type: 3}
      propertyPath: RotationModule.y.minMaxState
      value: 3
      objectReference: {fileID: 0}
    - target: {fileID: 19877600, guid: 36bdc02b23d9ca94d93bd715c0cca5c0, type: 3}
      propertyPath: ForceModule.randomizePerFrame
      value: 0
      objectReference: {fileID: 0}
    - target: {fileID: 19877600, guid: 36bdc02b23d9ca94d93bd715c0cca5c0, type: 3}
      propertyPath: RotationBySpeedModule.enabled
      value: 1
      objectReference: {fileID: 0}
    - target: {fileID: 19877600, guid: 36bdc02b23d9ca94d93bd715c0cca5c0, type: 3}
      propertyPath: RotationBySpeedModule.x.minMaxState
      value: 3
      objectReference: {fileID: 0}
    - target: {fileID: 19877600, guid: 36bdc02b23d9ca94d93bd715c0cca5c0, type: 3}
      propertyPath: RotationBySpeedModule.y.minMaxState
      value: 3
      objectReference: {fileID: 0}
    - target: {fileID: 19877600, guid: 36bdc02b23d9ca94d93bd715c0cca5c0, type: 3}
      propertyPath: EmissionModule.m_Bursts.Array.data[0].countCurve.scalar
      value: 60
      objectReference: {fileID: 0}
    m_RemovedComponents: []
  m_SourcePrefab: {fileID: 100100000, guid: 36bdc02b23d9ca94d93bd715c0cca5c0, type: 3}
--- !u!4 &4183745208586909794 stripped
Transform:
  m_CorrespondingSourceObject: {fileID: 420096, guid: 36bdc02b23d9ca94d93bd715c0cca5c0, type: 3}
  m_PrefabInstance: {fileID: 4183745208587309410}
  m_PrefabAsset: {fileID: 0}
--- !u!1001 &4183745208612275552
PrefabInstance:
  m_ObjectHideFlags: 0
  serializedVersion: 2
  m_Modification:
    m_TransformParent: {fileID: 4183745207631678681}
    m_Modifications:
    - target: {fileID: -8679921383154817045, guid: 61da64e89795d4abebabd6c20b334bba, type: 3}
      propertyPath: m_RootOrder
      value: 2
      objectReference: {fileID: 0}
    - target: {fileID: -8679921383154817045, guid: 61da64e89795d4abebabd6c20b334bba, type: 3}
      propertyPath: m_LocalPosition.x
      value: 0
      objectReference: {fileID: 0}
    - target: {fileID: -8679921383154817045, guid: 61da64e89795d4abebabd6c20b334bba, type: 3}
      propertyPath: m_LocalPosition.y
      value: 0
      objectReference: {fileID: 0}
    - target: {fileID: -8679921383154817045, guid: 61da64e89795d4abebabd6c20b334bba, type: 3}
      propertyPath: m_LocalPosition.z
      value: 0
      objectReference: {fileID: 0}
    - target: {fileID: -8679921383154817045, guid: 61da64e89795d4abebabd6c20b334bba, type: 3}
      propertyPath: m_LocalRotation.w
      value: 1
      objectReference: {fileID: 0}
    - target: {fileID: -8679921383154817045, guid: 61da64e89795d4abebabd6c20b334bba, type: 3}
      propertyPath: m_LocalRotation.x
      value: 0
      objectReference: {fileID: 0}
    - target: {fileID: -8679921383154817045, guid: 61da64e89795d4abebabd6c20b334bba, type: 3}
      propertyPath: m_LocalRotation.y
      value: 0
      objectReference: {fileID: 0}
    - target: {fileID: -8679921383154817045, guid: 61da64e89795d4abebabd6c20b334bba, type: 3}
      propertyPath: m_LocalRotation.z
      value: 0
      objectReference: {fileID: 0}
    - target: {fileID: -8679921383154817045, guid: 61da64e89795d4abebabd6c20b334bba, type: 3}
      propertyPath: m_LocalEulerAnglesHint.x
      value: 0
      objectReference: {fileID: 0}
    - target: {fileID: -8679921383154817045, guid: 61da64e89795d4abebabd6c20b334bba, type: 3}
      propertyPath: m_LocalEulerAnglesHint.y
      value: 0
      objectReference: {fileID: 0}
    - target: {fileID: -8679921383154817045, guid: 61da64e89795d4abebabd6c20b334bba, type: 3}
      propertyPath: m_LocalEulerAnglesHint.z
      value: 0
      objectReference: {fileID: 0}
    - target: {fileID: -8072840455593792910, guid: 61da64e89795d4abebabd6c20b334bba, type: 3}
      propertyPath: m_Materials.Array.data[0]
      value: 
      objectReference: {fileID: 2100000, guid: e3717b73a79240b4ba4eb9650f8e8879, type: 2}
    - target: {fileID: -3940863127059589031, guid: 61da64e89795d4abebabd6c20b334bba, type: 3}
      propertyPath: m_Materials.Array.data[0]
      value: 
      objectReference: {fileID: 2100000, guid: e3717b73a79240b4ba4eb9650f8e8879, type: 2}
    - target: {fileID: -1430489076838614360, guid: 61da64e89795d4abebabd6c20b334bba, type: 3}
      propertyPath: m_Materials.Array.data[0]
      value: 
      objectReference: {fileID: 2100000, guid: e3717b73a79240b4ba4eb9650f8e8879, type: 2}
    - target: {fileID: 919132149155446097, guid: 61da64e89795d4abebabd6c20b334bba, type: 3}
      propertyPath: m_Name
      value: G
      objectReference: {fileID: 0}
    - target: {fileID: 2033187008858403726, guid: 61da64e89795d4abebabd6c20b334bba, type: 3}
      propertyPath: m_Materials.Array.data[0]
      value: 
      objectReference: {fileID: 2100000, guid: e3717b73a79240b4ba4eb9650f8e8879, type: 2}
    - target: {fileID: 4266081189379133071, guid: 61da64e89795d4abebabd6c20b334bba, type: 3}
      propertyPath: m_Materials.Array.data[0]
      value: 
      objectReference: {fileID: 2100000, guid: e3717b73a79240b4ba4eb9650f8e8879, type: 2}
    m_RemovedComponents: []
  m_SourcePrefab: {fileID: 100100000, guid: 61da64e89795d4abebabd6c20b334bba, type: 3}
--- !u!1 &4747991187708951859 stripped
GameObject:
  m_CorrespondingSourceObject: {fileID: 8929484456515893331, guid: 61da64e89795d4abebabd6c20b334bba, type: 3}
  m_PrefabInstance: {fileID: 4183745208612275552}
  m_PrefabAsset: {fileID: 0}
--- !u!1 &7934949495203231328 stripped
GameObject:
  m_CorrespondingSourceObject: {fileID: 6057689629976638208, guid: 61da64e89795d4abebabd6c20b334bba, type: 3}
  m_PrefabInstance: {fileID: 4183745208612275552}
  m_PrefabAsset: {fileID: 0}
--- !u!1 &6731908761699277274 stripped
GameObject:
  m_CorrespondingSourceObject: {fileID: -1773524058986570566, guid: 61da64e89795d4abebabd6c20b334bba, type: 3}
  m_PrefabInstance: {fileID: 4183745208612275552}
  m_PrefabAsset: {fileID: 0}
--- !u!1 &8710115347180964425 stripped
GameObject:
  m_CorrespondingSourceObject: {fileID: -4400247890762166487, guid: 61da64e89795d4abebabd6c20b334bba, type: 3}
  m_PrefabInstance: {fileID: 4183745208612275552}
  m_PrefabAsset: {fileID: 0}
--- !u!1 &1880694303898131857 stripped
GameObject:
  m_CorrespondingSourceObject: {fileID: -6911275449949546255, guid: 61da64e89795d4abebabd6c20b334bba, type: 3}
  m_PrefabInstance: {fileID: 4183745208612275552}
  m_PrefabAsset: {fileID: 0}
--- !u!4 &4432983925537546891 stripped
Transform:
  m_CorrespondingSourceObject: {fileID: -8679921383154817045, guid: 61da64e89795d4abebabd6c20b334bba, type: 3}
  m_PrefabInstance: {fileID: 4183745208612275552}
  m_PrefabAsset: {fileID: 0}
--- !u!1001 &4183745208738205631
PrefabInstance:
  m_ObjectHideFlags: 0
  serializedVersion: 2
  m_Modification:
    m_TransformParent: {fileID: 4183745209072605572}
    m_Modifications:
    - target: {fileID: 129898, guid: 36bdc02b23d9ca94d93bd715c0cca5c0, type: 3}
      propertyPath: m_Name
      value: ConfettiBlastRainbow
      objectReference: {fileID: 0}
    - target: {fileID: 129898, guid: 36bdc02b23d9ca94d93bd715c0cca5c0, type: 3}
      propertyPath: m_IsActive
      value: 1
      objectReference: {fileID: 0}
    - target: {fileID: 420096, guid: 36bdc02b23d9ca94d93bd715c0cca5c0, type: 3}
      propertyPath: m_RootOrder
      value: 0
      objectReference: {fileID: 0}
    - target: {fileID: 420096, guid: 36bdc02b23d9ca94d93bd715c0cca5c0, type: 3}
      propertyPath: m_LocalScale.x
      value: 1
      objectReference: {fileID: 0}
    - target: {fileID: 420096, guid: 36bdc02b23d9ca94d93bd715c0cca5c0, type: 3}
      propertyPath: m_LocalScale.y
      value: 1
      objectReference: {fileID: 0}
    - target: {fileID: 420096, guid: 36bdc02b23d9ca94d93bd715c0cca5c0, type: 3}
      propertyPath: m_LocalScale.z
      value: 1
      objectReference: {fileID: 0}
    - target: {fileID: 420096, guid: 36bdc02b23d9ca94d93bd715c0cca5c0, type: 3}
      propertyPath: m_LocalPosition.x
      value: 0
      objectReference: {fileID: 0}
    - target: {fileID: 420096, guid: 36bdc02b23d9ca94d93bd715c0cca5c0, type: 3}
      propertyPath: m_LocalPosition.y
      value: -0.03749992
      objectReference: {fileID: 0}
    - target: {fileID: 420096, guid: 36bdc02b23d9ca94d93bd715c0cca5c0, type: 3}
      propertyPath: m_LocalPosition.z
      value: -0.92500097
      objectReference: {fileID: 0}
    - target: {fileID: 420096, guid: 36bdc02b23d9ca94d93bd715c0cca5c0, type: 3}
      propertyPath: m_LocalRotation.w
      value: 0.8483716
      objectReference: {fileID: 0}
    - target: {fileID: 420096, guid: 36bdc02b23d9ca94d93bd715c0cca5c0, type: 3}
      propertyPath: m_LocalRotation.x
      value: -0.5294011
      objectReference: {fileID: 0}
    - target: {fileID: 420096, guid: 36bdc02b23d9ca94d93bd715c0cca5c0, type: 3}
      propertyPath: m_LocalRotation.y
      value: 0
      objectReference: {fileID: 0}
    - target: {fileID: 420096, guid: 36bdc02b23d9ca94d93bd715c0cca5c0, type: 3}
      propertyPath: m_LocalRotation.z
      value: 0
      objectReference: {fileID: 0}
    - target: {fileID: 420096, guid: 36bdc02b23d9ca94d93bd715c0cca5c0, type: 3}
      propertyPath: m_LocalEulerAnglesHint.x
      value: -63.93
      objectReference: {fileID: 0}
    - target: {fileID: 420096, guid: 36bdc02b23d9ca94d93bd715c0cca5c0, type: 3}
      propertyPath: m_LocalEulerAnglesHint.y
      value: 0
      objectReference: {fileID: 0}
    - target: {fileID: 420096, guid: 36bdc02b23d9ca94d93bd715c0cca5c0, type: 3}
      propertyPath: m_LocalEulerAnglesHint.z
      value: 0
      objectReference: {fileID: 0}
    - target: {fileID: 19877600, guid: 36bdc02b23d9ca94d93bd715c0cca5c0, type: 3}
      propertyPath: looping
      value: 0
      objectReference: {fileID: 0}
    - target: {fileID: 19877600, guid: 36bdc02b23d9ca94d93bd715c0cca5c0, type: 3}
      propertyPath: lengthInSec
      value: 1.5
      objectReference: {fileID: 0}
    - target: {fileID: 19877600, guid: 36bdc02b23d9ca94d93bd715c0cca5c0, type: 3}
      propertyPath: UVModule.tilesX
      value: 2
      objectReference: {fileID: 0}
    - target: {fileID: 19877600, guid: 36bdc02b23d9ca94d93bd715c0cca5c0, type: 3}
      propertyPath: UVModule.tilesY
      value: 2
      objectReference: {fileID: 0}
    - target: {fileID: 19877600, guid: 36bdc02b23d9ca94d93bd715c0cca5c0, type: 3}
      propertyPath: ShapeModule.type
      value: 4
      objectReference: {fileID: 0}
    - target: {fileID: 19877600, guid: 36bdc02b23d9ca94d93bd715c0cca5c0, type: 3}
      propertyPath: UVModule.enabled
      value: 1
      objectReference: {fileID: 0}
    - target: {fileID: 19877600, guid: 36bdc02b23d9ca94d93bd715c0cca5c0, type: 3}
      propertyPath: SizeModule.enabled
      value: 1
      objectReference: {fileID: 0}
    - target: {fileID: 19877600, guid: 36bdc02b23d9ca94d93bd715c0cca5c0, type: 3}
      propertyPath: ForceModule.enabled
      value: 0
      objectReference: {fileID: 0}
    - target: {fileID: 19877600, guid: 36bdc02b23d9ca94d93bd715c0cca5c0, type: 3}
      propertyPath: TrailModule.enabled
      value: 0
      objectReference: {fileID: 0}
    - target: {fileID: 19877600, guid: 36bdc02b23d9ca94d93bd715c0cca5c0, type: 3}
      propertyPath: LightsModule.enabled
      value: 0
      objectReference: {fileID: 0}
    - target: {fileID: 19877600, guid: 36bdc02b23d9ca94d93bd715c0cca5c0, type: 3}
      propertyPath: RotationModule.enabled
      value: 1
      objectReference: {fileID: 0}
    - target: {fileID: 19877600, guid: 36bdc02b23d9ca94d93bd715c0cca5c0, type: 3}
      propertyPath: ShapeModule.radiusThickness
      value: 1
      objectReference: {fileID: 0}
    - target: {fileID: 19877600, guid: 36bdc02b23d9ca94d93bd715c0cca5c0, type: 3}
      propertyPath: RotationModule.x.minMaxState
      value: 3
      objectReference: {fileID: 0}
    - target: {fileID: 19877600, guid: 36bdc02b23d9ca94d93bd715c0cca5c0, type: 3}
      propertyPath: RotationModule.y.minMaxState
      value: 3
      objectReference: {fileID: 0}
    - target: {fileID: 19877600, guid: 36bdc02b23d9ca94d93bd715c0cca5c0, type: 3}
      propertyPath: ForceModule.randomizePerFrame
      value: 0
      objectReference: {fileID: 0}
    - target: {fileID: 19877600, guid: 36bdc02b23d9ca94d93bd715c0cca5c0, type: 3}
      propertyPath: RotationBySpeedModule.enabled
      value: 1
      objectReference: {fileID: 0}
    - target: {fileID: 19877600, guid: 36bdc02b23d9ca94d93bd715c0cca5c0, type: 3}
      propertyPath: RotationBySpeedModule.x.minMaxState
      value: 3
      objectReference: {fileID: 0}
    - target: {fileID: 19877600, guid: 36bdc02b23d9ca94d93bd715c0cca5c0, type: 3}
      propertyPath: RotationBySpeedModule.y.minMaxState
      value: 3
      objectReference: {fileID: 0}
    - target: {fileID: 19877600, guid: 36bdc02b23d9ca94d93bd715c0cca5c0, type: 3}
      propertyPath: EmissionModule.m_Bursts.Array.data[0].countCurve.scalar
      value: 60
      objectReference: {fileID: 0}
    m_RemovedComponents: []
  m_SourcePrefab: {fileID: 100100000, guid: 36bdc02b23d9ca94d93bd715c0cca5c0, type: 3}
--- !u!4 &4183745208738064063 stripped
Transform:
  m_CorrespondingSourceObject: {fileID: 420096, guid: 36bdc02b23d9ca94d93bd715c0cca5c0, type: 3}
  m_PrefabInstance: {fileID: 4183745208738205631}
  m_PrefabAsset: {fileID: 0}
--- !u!1001 &4183745208875229035
PrefabInstance:
  m_ObjectHideFlags: 0
  serializedVersion: 2
  m_Modification:
    m_TransformParent: {fileID: 4183745208432130975}
    m_Modifications:
    - target: {fileID: 129898, guid: 36bdc02b23d9ca94d93bd715c0cca5c0, type: 3}
      propertyPath: m_Name
      value: ConfettiBlastRainbow
      objectReference: {fileID: 0}
    - target: {fileID: 129898, guid: 36bdc02b23d9ca94d93bd715c0cca5c0, type: 3}
      propertyPath: m_IsActive
      value: 1
      objectReference: {fileID: 0}
    - target: {fileID: 420096, guid: 36bdc02b23d9ca94d93bd715c0cca5c0, type: 3}
      propertyPath: m_RootOrder
      value: 0
      objectReference: {fileID: 0}
    - target: {fileID: 420096, guid: 36bdc02b23d9ca94d93bd715c0cca5c0, type: 3}
      propertyPath: m_LocalScale.x
      value: 1
      objectReference: {fileID: 0}
    - target: {fileID: 420096, guid: 36bdc02b23d9ca94d93bd715c0cca5c0, type: 3}
      propertyPath: m_LocalScale.y
      value: 1
      objectReference: {fileID: 0}
    - target: {fileID: 420096, guid: 36bdc02b23d9ca94d93bd715c0cca5c0, type: 3}
      propertyPath: m_LocalScale.z
      value: 1
      objectReference: {fileID: 0}
    - target: {fileID: 420096, guid: 36bdc02b23d9ca94d93bd715c0cca5c0, type: 3}
      propertyPath: m_LocalPosition.x
      value: 0
      objectReference: {fileID: 0}
    - target: {fileID: 420096, guid: 36bdc02b23d9ca94d93bd715c0cca5c0, type: 3}
      propertyPath: m_LocalPosition.y
      value: -0.03749992
      objectReference: {fileID: 0}
    - target: {fileID: 420096, guid: 36bdc02b23d9ca94d93bd715c0cca5c0, type: 3}
      propertyPath: m_LocalPosition.z
      value: -0.92500097
      objectReference: {fileID: 0}
    - target: {fileID: 420096, guid: 36bdc02b23d9ca94d93bd715c0cca5c0, type: 3}
      propertyPath: m_LocalRotation.w
      value: 0.8483716
      objectReference: {fileID: 0}
    - target: {fileID: 420096, guid: 36bdc02b23d9ca94d93bd715c0cca5c0, type: 3}
      propertyPath: m_LocalRotation.x
      value: -0.5294011
      objectReference: {fileID: 0}
    - target: {fileID: 420096, guid: 36bdc02b23d9ca94d93bd715c0cca5c0, type: 3}
      propertyPath: m_LocalRotation.y
      value: 0
      objectReference: {fileID: 0}
    - target: {fileID: 420096, guid: 36bdc02b23d9ca94d93bd715c0cca5c0, type: 3}
      propertyPath: m_LocalRotation.z
      value: 0
      objectReference: {fileID: 0}
    - target: {fileID: 420096, guid: 36bdc02b23d9ca94d93bd715c0cca5c0, type: 3}
      propertyPath: m_LocalEulerAnglesHint.x
      value: -63.93
      objectReference: {fileID: 0}
    - target: {fileID: 420096, guid: 36bdc02b23d9ca94d93bd715c0cca5c0, type: 3}
      propertyPath: m_LocalEulerAnglesHint.y
      value: 0
      objectReference: {fileID: 0}
    - target: {fileID: 420096, guid: 36bdc02b23d9ca94d93bd715c0cca5c0, type: 3}
      propertyPath: m_LocalEulerAnglesHint.z
      value: 0
      objectReference: {fileID: 0}
    - target: {fileID: 19877600, guid: 36bdc02b23d9ca94d93bd715c0cca5c0, type: 3}
      propertyPath: looping
      value: 0
      objectReference: {fileID: 0}
    - target: {fileID: 19877600, guid: 36bdc02b23d9ca94d93bd715c0cca5c0, type: 3}
      propertyPath: lengthInSec
      value: 1.5
      objectReference: {fileID: 0}
    - target: {fileID: 19877600, guid: 36bdc02b23d9ca94d93bd715c0cca5c0, type: 3}
      propertyPath: UVModule.tilesX
      value: 2
      objectReference: {fileID: 0}
    - target: {fileID: 19877600, guid: 36bdc02b23d9ca94d93bd715c0cca5c0, type: 3}
      propertyPath: UVModule.tilesY
      value: 2
      objectReference: {fileID: 0}
    - target: {fileID: 19877600, guid: 36bdc02b23d9ca94d93bd715c0cca5c0, type: 3}
      propertyPath: ShapeModule.type
      value: 4
      objectReference: {fileID: 0}
    - target: {fileID: 19877600, guid: 36bdc02b23d9ca94d93bd715c0cca5c0, type: 3}
      propertyPath: UVModule.enabled
      value: 1
      objectReference: {fileID: 0}
    - target: {fileID: 19877600, guid: 36bdc02b23d9ca94d93bd715c0cca5c0, type: 3}
      propertyPath: SizeModule.enabled
      value: 1
      objectReference: {fileID: 0}
    - target: {fileID: 19877600, guid: 36bdc02b23d9ca94d93bd715c0cca5c0, type: 3}
      propertyPath: ForceModule.enabled
      value: 0
      objectReference: {fileID: 0}
    - target: {fileID: 19877600, guid: 36bdc02b23d9ca94d93bd715c0cca5c0, type: 3}
      propertyPath: TrailModule.enabled
      value: 0
      objectReference: {fileID: 0}
    - target: {fileID: 19877600, guid: 36bdc02b23d9ca94d93bd715c0cca5c0, type: 3}
      propertyPath: LightsModule.enabled
      value: 0
      objectReference: {fileID: 0}
    - target: {fileID: 19877600, guid: 36bdc02b23d9ca94d93bd715c0cca5c0, type: 3}
      propertyPath: RotationModule.enabled
      value: 1
      objectReference: {fileID: 0}
    - target: {fileID: 19877600, guid: 36bdc02b23d9ca94d93bd715c0cca5c0, type: 3}
      propertyPath: ShapeModule.radiusThickness
      value: 1
      objectReference: {fileID: 0}
    - target: {fileID: 19877600, guid: 36bdc02b23d9ca94d93bd715c0cca5c0, type: 3}
      propertyPath: RotationModule.x.minMaxState
      value: 3
      objectReference: {fileID: 0}
    - target: {fileID: 19877600, guid: 36bdc02b23d9ca94d93bd715c0cca5c0, type: 3}
      propertyPath: RotationModule.y.minMaxState
      value: 3
      objectReference: {fileID: 0}
    - target: {fileID: 19877600, guid: 36bdc02b23d9ca94d93bd715c0cca5c0, type: 3}
      propertyPath: ForceModule.randomizePerFrame
      value: 0
      objectReference: {fileID: 0}
    - target: {fileID: 19877600, guid: 36bdc02b23d9ca94d93bd715c0cca5c0, type: 3}
      propertyPath: RotationBySpeedModule.enabled
      value: 1
      objectReference: {fileID: 0}
    - target: {fileID: 19877600, guid: 36bdc02b23d9ca94d93bd715c0cca5c0, type: 3}
      propertyPath: RotationBySpeedModule.x.minMaxState
      value: 3
      objectReference: {fileID: 0}
    - target: {fileID: 19877600, guid: 36bdc02b23d9ca94d93bd715c0cca5c0, type: 3}
      propertyPath: RotationBySpeedModule.y.minMaxState
      value: 3
      objectReference: {fileID: 0}
    - target: {fileID: 19877600, guid: 36bdc02b23d9ca94d93bd715c0cca5c0, type: 3}
      propertyPath: EmissionModule.m_Bursts.Array.data[0].countCurve.scalar
      value: 60
      objectReference: {fileID: 0}
    m_RemovedComponents: []
  m_SourcePrefab: {fileID: 100100000, guid: 36bdc02b23d9ca94d93bd715c0cca5c0, type: 3}
--- !u!4 &4183745208875644523 stripped
Transform:
  m_CorrespondingSourceObject: {fileID: 420096, guid: 36bdc02b23d9ca94d93bd715c0cca5c0, type: 3}
  m_PrefabInstance: {fileID: 4183745208875229035}
  m_PrefabAsset: {fileID: 0}
--- !u!1001 &4183745209045090576
PrefabInstance:
  m_ObjectHideFlags: 0
  serializedVersion: 2
  m_Modification:
    m_TransformParent: {fileID: 4183745208432130975}
    m_Modifications:
    - target: {fileID: 129898, guid: 36bdc02b23d9ca94d93bd715c0cca5c0, type: 3}
      propertyPath: m_Name
      value: ConfettiBlastRainbow (1)
      objectReference: {fileID: 0}
    - target: {fileID: 129898, guid: 36bdc02b23d9ca94d93bd715c0cca5c0, type: 3}
      propertyPath: m_IsActive
      value: 1
      objectReference: {fileID: 0}
    - target: {fileID: 420096, guid: 36bdc02b23d9ca94d93bd715c0cca5c0, type: 3}
      propertyPath: m_RootOrder
      value: 1
      objectReference: {fileID: 0}
    - target: {fileID: 420096, guid: 36bdc02b23d9ca94d93bd715c0cca5c0, type: 3}
      propertyPath: m_LocalScale.x
      value: 1
      objectReference: {fileID: 0}
    - target: {fileID: 420096, guid: 36bdc02b23d9ca94d93bd715c0cca5c0, type: 3}
      propertyPath: m_LocalScale.y
      value: 1
      objectReference: {fileID: 0}
    - target: {fileID: 420096, guid: 36bdc02b23d9ca94d93bd715c0cca5c0, type: 3}
      propertyPath: m_LocalScale.z
      value: 1
      objectReference: {fileID: 0}
    - target: {fileID: 420096, guid: 36bdc02b23d9ca94d93bd715c0cca5c0, type: 3}
      propertyPath: m_LocalPosition.x
      value: 0
      objectReference: {fileID: 0}
    - target: {fileID: 420096, guid: 36bdc02b23d9ca94d93bd715c0cca5c0, type: 3}
      propertyPath: m_LocalPosition.y
      value: 0
      objectReference: {fileID: 0}
    - target: {fileID: 420096, guid: 36bdc02b23d9ca94d93bd715c0cca5c0, type: 3}
      propertyPath: m_LocalPosition.z
      value: 0.8249988
      objectReference: {fileID: 0}
    - target: {fileID: 420096, guid: 36bdc02b23d9ca94d93bd715c0cca5c0, type: 3}
      propertyPath: m_LocalRotation.w
      value: 0.559193
      objectReference: {fileID: 0}
    - target: {fileID: 420096, guid: 36bdc02b23d9ca94d93bd715c0cca5c0, type: 3}
      propertyPath: m_LocalRotation.x
      value: -0.82903755
      objectReference: {fileID: 0}
    - target: {fileID: 420096, guid: 36bdc02b23d9ca94d93bd715c0cca5c0, type: 3}
      propertyPath: m_LocalRotation.y
      value: 0
      objectReference: {fileID: 0}
    - target: {fileID: 420096, guid: 36bdc02b23d9ca94d93bd715c0cca5c0, type: 3}
      propertyPath: m_LocalRotation.z
      value: 0
      objectReference: {fileID: 0}
    - target: {fileID: 420096, guid: 36bdc02b23d9ca94d93bd715c0cca5c0, type: 3}
      propertyPath: m_LocalEulerAnglesHint.x
      value: -112
      objectReference: {fileID: 0}
    - target: {fileID: 420096, guid: 36bdc02b23d9ca94d93bd715c0cca5c0, type: 3}
      propertyPath: m_LocalEulerAnglesHint.y
      value: 0
      objectReference: {fileID: 0}
    - target: {fileID: 420096, guid: 36bdc02b23d9ca94d93bd715c0cca5c0, type: 3}
      propertyPath: m_LocalEulerAnglesHint.z
      value: 0
      objectReference: {fileID: 0}
    - target: {fileID: 19877600, guid: 36bdc02b23d9ca94d93bd715c0cca5c0, type: 3}
      propertyPath: looping
      value: 0
      objectReference: {fileID: 0}
    - target: {fileID: 19877600, guid: 36bdc02b23d9ca94d93bd715c0cca5c0, type: 3}
      propertyPath: lengthInSec
      value: 1.5
      objectReference: {fileID: 0}
    - target: {fileID: 19877600, guid: 36bdc02b23d9ca94d93bd715c0cca5c0, type: 3}
      propertyPath: UVModule.tilesX
      value: 2
      objectReference: {fileID: 0}
    - target: {fileID: 19877600, guid: 36bdc02b23d9ca94d93bd715c0cca5c0, type: 3}
      propertyPath: UVModule.tilesY
      value: 2
      objectReference: {fileID: 0}
    - target: {fileID: 19877600, guid: 36bdc02b23d9ca94d93bd715c0cca5c0, type: 3}
      propertyPath: ShapeModule.type
      value: 4
      objectReference: {fileID: 0}
    - target: {fileID: 19877600, guid: 36bdc02b23d9ca94d93bd715c0cca5c0, type: 3}
      propertyPath: UVModule.enabled
      value: 1
      objectReference: {fileID: 0}
    - target: {fileID: 19877600, guid: 36bdc02b23d9ca94d93bd715c0cca5c0, type: 3}
      propertyPath: SizeModule.enabled
      value: 1
      objectReference: {fileID: 0}
    - target: {fileID: 19877600, guid: 36bdc02b23d9ca94d93bd715c0cca5c0, type: 3}
      propertyPath: ForceModule.enabled
      value: 0
      objectReference: {fileID: 0}
    - target: {fileID: 19877600, guid: 36bdc02b23d9ca94d93bd715c0cca5c0, type: 3}
      propertyPath: TrailModule.enabled
      value: 0
      objectReference: {fileID: 0}
    - target: {fileID: 19877600, guid: 36bdc02b23d9ca94d93bd715c0cca5c0, type: 3}
      propertyPath: LightsModule.enabled
      value: 0
      objectReference: {fileID: 0}
    - target: {fileID: 19877600, guid: 36bdc02b23d9ca94d93bd715c0cca5c0, type: 3}
      propertyPath: RotationModule.enabled
      value: 1
      objectReference: {fileID: 0}
    - target: {fileID: 19877600, guid: 36bdc02b23d9ca94d93bd715c0cca5c0, type: 3}
      propertyPath: ShapeModule.radiusThickness
      value: 1
      objectReference: {fileID: 0}
    - target: {fileID: 19877600, guid: 36bdc02b23d9ca94d93bd715c0cca5c0, type: 3}
      propertyPath: RotationModule.x.minMaxState
      value: 3
      objectReference: {fileID: 0}
    - target: {fileID: 19877600, guid: 36bdc02b23d9ca94d93bd715c0cca5c0, type: 3}
      propertyPath: RotationModule.y.minMaxState
      value: 3
      objectReference: {fileID: 0}
    - target: {fileID: 19877600, guid: 36bdc02b23d9ca94d93bd715c0cca5c0, type: 3}
      propertyPath: ForceModule.randomizePerFrame
      value: 0
      objectReference: {fileID: 0}
    - target: {fileID: 19877600, guid: 36bdc02b23d9ca94d93bd715c0cca5c0, type: 3}
      propertyPath: RotationBySpeedModule.enabled
      value: 1
      objectReference: {fileID: 0}
    - target: {fileID: 19877600, guid: 36bdc02b23d9ca94d93bd715c0cca5c0, type: 3}
      propertyPath: RotationBySpeedModule.x.minMaxState
      value: 3
      objectReference: {fileID: 0}
    - target: {fileID: 19877600, guid: 36bdc02b23d9ca94d93bd715c0cca5c0, type: 3}
      propertyPath: RotationBySpeedModule.y.minMaxState
      value: 3
      objectReference: {fileID: 0}
    - target: {fileID: 19877600, guid: 36bdc02b23d9ca94d93bd715c0cca5c0, type: 3}
      propertyPath: EmissionModule.m_Bursts.Array.data[0].countCurve.scalar
      value: 60
      objectReference: {fileID: 0}
    m_RemovedComponents: []
  m_SourcePrefab: {fileID: 100100000, guid: 36bdc02b23d9ca94d93bd715c0cca5c0, type: 3}
--- !u!4 &4183745209045510160 stripped
Transform:
  m_CorrespondingSourceObject: {fileID: 420096, guid: 36bdc02b23d9ca94d93bd715c0cca5c0, type: 3}
  m_PrefabInstance: {fileID: 4183745209045090576}
  m_PrefabAsset: {fileID: 0}
--- !u!1001 &4183745209142638852
PrefabInstance:
  m_ObjectHideFlags: 0
  serializedVersion: 2
  m_Modification:
    m_TransformParent: {fileID: 4183745209072605572}
    m_Modifications:
    - target: {fileID: 129898, guid: 36bdc02b23d9ca94d93bd715c0cca5c0, type: 3}
      propertyPath: m_Name
      value: ConfettiBlastRainbow (1)
      objectReference: {fileID: 0}
    - target: {fileID: 129898, guid: 36bdc02b23d9ca94d93bd715c0cca5c0, type: 3}
      propertyPath: m_IsActive
      value: 1
      objectReference: {fileID: 0}
    - target: {fileID: 420096, guid: 36bdc02b23d9ca94d93bd715c0cca5c0, type: 3}
      propertyPath: m_RootOrder
      value: 1
      objectReference: {fileID: 0}
    - target: {fileID: 420096, guid: 36bdc02b23d9ca94d93bd715c0cca5c0, type: 3}
      propertyPath: m_LocalScale.x
      value: 1
      objectReference: {fileID: 0}
    - target: {fileID: 420096, guid: 36bdc02b23d9ca94d93bd715c0cca5c0, type: 3}
      propertyPath: m_LocalScale.y
      value: 1
      objectReference: {fileID: 0}
    - target: {fileID: 420096, guid: 36bdc02b23d9ca94d93bd715c0cca5c0, type: 3}
      propertyPath: m_LocalScale.z
      value: 1
      objectReference: {fileID: 0}
    - target: {fileID: 420096, guid: 36bdc02b23d9ca94d93bd715c0cca5c0, type: 3}
      propertyPath: m_LocalPosition.x
      value: 0
      objectReference: {fileID: 0}
    - target: {fileID: 420096, guid: 36bdc02b23d9ca94d93bd715c0cca5c0, type: 3}
      propertyPath: m_LocalPosition.y
      value: 0
      objectReference: {fileID: 0}
    - target: {fileID: 420096, guid: 36bdc02b23d9ca94d93bd715c0cca5c0, type: 3}
      propertyPath: m_LocalPosition.z
      value: 0.8249988
      objectReference: {fileID: 0}
    - target: {fileID: 420096, guid: 36bdc02b23d9ca94d93bd715c0cca5c0, type: 3}
      propertyPath: m_LocalRotation.w
      value: 0.559193
      objectReference: {fileID: 0}
    - target: {fileID: 420096, guid: 36bdc02b23d9ca94d93bd715c0cca5c0, type: 3}
      propertyPath: m_LocalRotation.x
      value: -0.82903755
      objectReference: {fileID: 0}
    - target: {fileID: 420096, guid: 36bdc02b23d9ca94d93bd715c0cca5c0, type: 3}
      propertyPath: m_LocalRotation.y
      value: 0
      objectReference: {fileID: 0}
    - target: {fileID: 420096, guid: 36bdc02b23d9ca94d93bd715c0cca5c0, type: 3}
      propertyPath: m_LocalRotation.z
      value: 0
      objectReference: {fileID: 0}
    - target: {fileID: 420096, guid: 36bdc02b23d9ca94d93bd715c0cca5c0, type: 3}
      propertyPath: m_LocalEulerAnglesHint.x
      value: -112
      objectReference: {fileID: 0}
    - target: {fileID: 420096, guid: 36bdc02b23d9ca94d93bd715c0cca5c0, type: 3}
      propertyPath: m_LocalEulerAnglesHint.y
      value: 0
      objectReference: {fileID: 0}
    - target: {fileID: 420096, guid: 36bdc02b23d9ca94d93bd715c0cca5c0, type: 3}
      propertyPath: m_LocalEulerAnglesHint.z
      value: 0
      objectReference: {fileID: 0}
    - target: {fileID: 19877600, guid: 36bdc02b23d9ca94d93bd715c0cca5c0, type: 3}
      propertyPath: looping
      value: 0
      objectReference: {fileID: 0}
    - target: {fileID: 19877600, guid: 36bdc02b23d9ca94d93bd715c0cca5c0, type: 3}
      propertyPath: lengthInSec
      value: 1.5
      objectReference: {fileID: 0}
    - target: {fileID: 19877600, guid: 36bdc02b23d9ca94d93bd715c0cca5c0, type: 3}
      propertyPath: UVModule.tilesX
      value: 2
      objectReference: {fileID: 0}
    - target: {fileID: 19877600, guid: 36bdc02b23d9ca94d93bd715c0cca5c0, type: 3}
      propertyPath: UVModule.tilesY
      value: 2
      objectReference: {fileID: 0}
    - target: {fileID: 19877600, guid: 36bdc02b23d9ca94d93bd715c0cca5c0, type: 3}
      propertyPath: ShapeModule.type
      value: 4
      objectReference: {fileID: 0}
    - target: {fileID: 19877600, guid: 36bdc02b23d9ca94d93bd715c0cca5c0, type: 3}
      propertyPath: UVModule.enabled
      value: 1
      objectReference: {fileID: 0}
    - target: {fileID: 19877600, guid: 36bdc02b23d9ca94d93bd715c0cca5c0, type: 3}
      propertyPath: SizeModule.enabled
      value: 1
      objectReference: {fileID: 0}
    - target: {fileID: 19877600, guid: 36bdc02b23d9ca94d93bd715c0cca5c0, type: 3}
      propertyPath: ForceModule.enabled
      value: 0
      objectReference: {fileID: 0}
    - target: {fileID: 19877600, guid: 36bdc02b23d9ca94d93bd715c0cca5c0, type: 3}
      propertyPath: TrailModule.enabled
      value: 0
      objectReference: {fileID: 0}
    - target: {fileID: 19877600, guid: 36bdc02b23d9ca94d93bd715c0cca5c0, type: 3}
      propertyPath: LightsModule.enabled
      value: 0
      objectReference: {fileID: 0}
    - target: {fileID: 19877600, guid: 36bdc02b23d9ca94d93bd715c0cca5c0, type: 3}
      propertyPath: RotationModule.enabled
      value: 1
      objectReference: {fileID: 0}
    - target: {fileID: 19877600, guid: 36bdc02b23d9ca94d93bd715c0cca5c0, type: 3}
      propertyPath: ShapeModule.radiusThickness
      value: 1
      objectReference: {fileID: 0}
    - target: {fileID: 19877600, guid: 36bdc02b23d9ca94d93bd715c0cca5c0, type: 3}
      propertyPath: RotationModule.x.minMaxState
      value: 3
      objectReference: {fileID: 0}
    - target: {fileID: 19877600, guid: 36bdc02b23d9ca94d93bd715c0cca5c0, type: 3}
      propertyPath: RotationModule.y.minMaxState
      value: 3
      objectReference: {fileID: 0}
    - target: {fileID: 19877600, guid: 36bdc02b23d9ca94d93bd715c0cca5c0, type: 3}
      propertyPath: ForceModule.randomizePerFrame
      value: 0
      objectReference: {fileID: 0}
    - target: {fileID: 19877600, guid: 36bdc02b23d9ca94d93bd715c0cca5c0, type: 3}
      propertyPath: RotationBySpeedModule.enabled
      value: 1
      objectReference: {fileID: 0}
    - target: {fileID: 19877600, guid: 36bdc02b23d9ca94d93bd715c0cca5c0, type: 3}
      propertyPath: RotationBySpeedModule.x.minMaxState
      value: 3
      objectReference: {fileID: 0}
    - target: {fileID: 19877600, guid: 36bdc02b23d9ca94d93bd715c0cca5c0, type: 3}
      propertyPath: RotationBySpeedModule.y.minMaxState
      value: 3
      objectReference: {fileID: 0}
    - target: {fileID: 19877600, guid: 36bdc02b23d9ca94d93bd715c0cca5c0, type: 3}
      propertyPath: EmissionModule.m_Bursts.Array.data[0].countCurve.scalar
      value: 60
      objectReference: {fileID: 0}
    m_RemovedComponents: []
  m_SourcePrefab: {fileID: 100100000, guid: 36bdc02b23d9ca94d93bd715c0cca5c0, type: 3}
--- !u!4 &4183745209143005188 stripped
Transform:
  m_CorrespondingSourceObject: {fileID: 420096, guid: 36bdc02b23d9ca94d93bd715c0cca5c0, type: 3}
  m_PrefabInstance: {fileID: 4183745209142638852}
  m_PrefabAsset: {fileID: 0}
--- !u!1001 &4183745209259982096
PrefabInstance:
  m_ObjectHideFlags: 0
  serializedVersion: 2
  m_Modification:
    m_TransformParent: {fileID: 4183745208799367700}
    m_Modifications:
    - target: {fileID: 877299163785574941, guid: 8953764f80248c4408a7e2bfd9686c67, type: 3}
      propertyPath: m_Name
      value: SoundFlare(1)
      objectReference: {fileID: 0}
    - target: {fileID: 877299163785574941, guid: 8953764f80248c4408a7e2bfd9686c67, type: 3}
      propertyPath: m_IsActive
      value: 0
      objectReference: {fileID: 0}
    - target: {fileID: 877299163785574942, guid: 8953764f80248c4408a7e2bfd9686c67, type: 3}
      propertyPath: m_RootOrder
      value: 0
      objectReference: {fileID: 0}
    - target: {fileID: 877299163785574942, guid: 8953764f80248c4408a7e2bfd9686c67, type: 3}
      propertyPath: m_LocalScale.x
      value: 1
      objectReference: {fileID: 0}
    - target: {fileID: 877299163785574942, guid: 8953764f80248c4408a7e2bfd9686c67, type: 3}
      propertyPath: m_LocalScale.y
      value: 1
      objectReference: {fileID: 0}
    - target: {fileID: 877299163785574942, guid: 8953764f80248c4408a7e2bfd9686c67, type: 3}
      propertyPath: m_LocalScale.z
      value: 1
      objectReference: {fileID: 0}
    - target: {fileID: 877299163785574942, guid: 8953764f80248c4408a7e2bfd9686c67, type: 3}
      propertyPath: m_LocalPosition.x
      value: -1.5
      objectReference: {fileID: 0}
    - target: {fileID: 877299163785574942, guid: 8953764f80248c4408a7e2bfd9686c67, type: 3}
      propertyPath: m_LocalPosition.y
      value: 0
      objectReference: {fileID: 0}
    - target: {fileID: 877299163785574942, guid: 8953764f80248c4408a7e2bfd9686c67, type: 3}
      propertyPath: m_LocalPosition.z
      value: 2.52
      objectReference: {fileID: 0}
    - target: {fileID: 877299163785574942, guid: 8953764f80248c4408a7e2bfd9686c67, type: 3}
      propertyPath: m_LocalRotation.w
      value: 1
      objectReference: {fileID: 0}
    - target: {fileID: 877299163785574942, guid: 8953764f80248c4408a7e2bfd9686c67, type: 3}
      propertyPath: m_LocalRotation.x
      value: 0
      objectReference: {fileID: 0}
    - target: {fileID: 877299163785574942, guid: 8953764f80248c4408a7e2bfd9686c67, type: 3}
      propertyPath: m_LocalRotation.y
      value: 0
      objectReference: {fileID: 0}
    - target: {fileID: 877299163785574942, guid: 8953764f80248c4408a7e2bfd9686c67, type: 3}
      propertyPath: m_LocalRotation.z
      value: 0
      objectReference: {fileID: 0}
    - target: {fileID: 877299163785574942, guid: 8953764f80248c4408a7e2bfd9686c67, type: 3}
      propertyPath: m_LocalEulerAnglesHint.x
      value: 0
      objectReference: {fileID: 0}
    - target: {fileID: 877299163785574942, guid: 8953764f80248c4408a7e2bfd9686c67, type: 3}
      propertyPath: m_LocalEulerAnglesHint.y
      value: 0
      objectReference: {fileID: 0}
    - target: {fileID: 877299163785574942, guid: 8953764f80248c4408a7e2bfd9686c67, type: 3}
      propertyPath: m_LocalEulerAnglesHint.z
      value: 0
      objectReference: {fileID: 0}
    m_RemovedComponents: []
  m_SourcePrefab: {fileID: 100100000, guid: 8953764f80248c4408a7e2bfd9686c67, type: 3}
--- !u!4 &3901081450476291854 stripped
Transform:
  m_CorrespondingSourceObject: {fileID: 877299163785574942, guid: 8953764f80248c4408a7e2bfd9686c67, type: 3}
  m_PrefabInstance: {fileID: 4183745209259982096}
  m_PrefabAsset: {fileID: 0}
--- !u!1 &3901081450476291853 stripped
GameObject:
  m_CorrespondingSourceObject: {fileID: 877299163785574941, guid: 8953764f80248c4408a7e2bfd9686c67, type: 3}
  m_PrefabInstance: {fileID: 4183745209259982096}
  m_PrefabAsset: {fileID: 0}
